 Dungeon Crawl Stone Soup version 0.28-a0-909-g796cbd3a86 (webtiles) character file.

Game seed: 1133493234682923059

755 ragingrage the Ruffian (level 7, -7/52 HPs)
             Began as a Pale Draconian Transmuter on Nov 24, 2021.
             Was an Initiate of Hepliaklqana.
             Mangled by an unseen horror (8 damage)
             ... on level 5 of the Dungeon.
             The game lasted 00:07:34 (5711 turns).

ragingrage the Ruffian (Pale Draconian Transmuter)  Turns: 5711, Time: 00:07:34

Health: -7/52      AC:  8    Str: 14    XL:     7   Next: 49%
Magic:  10/10      EV: 12    Int:  9    God:    Hepliaklqana [......]
Gold:   148        SH:  0    Dex: 12    Spells: 7/10 levels left

rFire   . . .      SeeInvis .     - Unarmed
rCold   . . .      Faith    .   (no shield)
rNeg    . . .      Spirit   .   (armour unavailable)
rPois   +          Reflect  .   (helmet restricted)
rElec   .          Harm     .   h - +0 cloak
rCorr   +          Rampage  .   (no gloves)
Will    .....                   z - +0 pair of boots of the Loofah {rPois rCorr Int-4}
Stlth   +.........              (no amulet)
HPRegen 0.17/turn               (no ring)
MPRegen 0.12/turn               (no ring)

@: no status effects
A: breathe steam, AC +6, unfitting armour, cold-blooded, steam resistance
a: Breathe Steam, Renounce Religion


You were on level 5 of the Dungeon.
You worshipped Hepliaklqana.
Hepliaklqana was noncommittal.
You visited 2 branches of the dungeon, and saw 6 of its levels.

You collected 203 gold pieces.
You spent 55 gold pieces at shops.

Inventory:

Hand Weapons
 a - a +2 hunting sling of freezing
Missiles
 j - 148 stones
 k - 20 sling bullets
Armour
 h - a +0 cloak (worn)
 z - the +0 pair of boots of the Loofah (worn) {rPois rCorr Int-4}
   (You found it on level 5 of the Dungeon)

   Int:       It affects your intelligence (-4).
   rPois:     It protects you from poison.
   rCorr:     It protects you from acid and corrosion.
Jewellery
 g - a ring of flight
 m - a ring of fire
 v - a ring of protection from cold
 w - a +6 ring of dexterity
Wands
 s - a wand of mindburst (15)
 y - a wand of iceblast (5)
Scrolls
 c - 2 scrolls of magic mapping {unknown}
 d - 2 scrolls of fog {unknown}
 e - a scroll of amnesia {unknown}
 n - 9 scrolls of identify
 q - a scroll of acquirement {unknown}
 t - 2 scrolls of teleportation {unknown}
Potions
 b - a potion of flight {unknown}
 f - 3 potions of haste {unknown}
 i - 2 potions of lignification
 l - a potion of invisibility {unknown}
 o - a potion of curing {unknown}
 p - 2 potions of degeneration {unknown}
 r - a potion of heal wounds {unknown}
 u - a potion of might {unknown}
 x - a potion of resistance {unknown}


   Skills:
 - Level 1.1 Fighting
 - Level 1.7 Dodging
 * Level 7.6 Unarmed Combat
 - Level 2.0 Spellcasting
 - Level 4.9 Transmutations


You had 7 spell levels left.
You knew the following spells:

 Your Spells              Type           Power      Damage    Failure   Level
a - Beastly Appendage     Tmut           18%        N/A       4%          1
b - Wereblood             Tmut           9%         N/A       7%          2

Your spell library contained the following spells:

 Spells                   Type           Power      Damage    Failure   Level
 Sting                    Tmut/Pois      20%        1d4       12%         1
 Animate Skeleton         Necr           0%         N/A       32%         1
 Pain                     Necr           0%         1d4       32%         1
 Spider Form              Tmut/Pois      5%         N/A       36%         3
 Poisonous Vapours        Pois/Air       0%         N/A       45%         2
 Static Discharge         Conj/Air       0%         N/A       45%         2
 Vampiric Draining        Necr           0%         2d6       69%         3
 Ice Form                 Ice/Tmut       5%         N/A       77%         4
 Animate Dead             Necr           0%         N/A       97%         4
 Olgreb's Toxic Radiance  Pois           0%         N/A       97%         4
 Lightning Bolt           Conj/Air       0%         1d11      100%        5
 Haunt                    Necr/Summ      0%         N/A       100%        7
 Infestation              Necr           0%         N/A       100%        8
 Maxwell's Capacitive Co  Air            0%         ∞         100%        8


Dungeon Overview and Level Annotations

Branches:
Dungeon (5/15)             Temple (1/1) D:5

Altars:
Cheibriados
Elyvilon
Gozag
Hepliaklqana
Kikubaaqudgha
Makhleb
Nemelex Xobeh
Okawaru
Qazlal
Sif Muna
Trog
Uskayaw
Vehumet
Wu Jian
Zin
The Shining One

Shops:
D:3 *


Innate Abilities, Weirdness & Mutations

You can breathe blasts of scalding, opaque steam.
Your pale cyan-grey scales are hard. (AC +6)
You cannot fit into any form of body armour.
You are cold-blooded and may be slowed by cold attacks.
You are immune to the effects of steam.


Message History

t - 2 scrolls labelled ZILAWN GOROSHAUME (gained 1)
You pick up a Young Poisoner's Handbook and begin reading...
You add the spells Sting, Poisonous Vapours and Olgreb's Toxic Radiance to your library.
Found a trident.
You open the door.
Found 13 gold pieces.
There is a strange disturbance nearby!
There is a strange disturbance nearby!
There is a strange disturbance nearby!
Your +2 hunting sling of freezing is covered in frost.
a - a +2 hunting sling of freezing (weapon)
Fire: 21 sling bullets
Press: ? - help, Q - select action, (/) - cycle Shift-Dir - straight line You shoot a sling bullet.
Your +2 hunting sling of freezing stops glowing.
You are now empty-handed.
Something hits you.
Deactivating autopickup; reactivate with Ctrl-A.
Something hits you but does no damage.
Something hits you but does no damage. x2
You hit something. Something hits you! Something hits you.
You closely miss something. Something hits you but does no damage.
You closely miss something. You tail-slap something. You punch something.
Something hits you but does no damage. Something hits you. x2
Press: ? - help, Shift-Dir - straight line You exhale a blast of scalding steam.
Something hits you. Something hits you but does no damage.
You have got your breath back.
Something hits you but does no damage.
You hit something but do no damage.
Your tail-slap misses something.
Something hits you. Something hits you but does no damage.
You punch something! Something hits you.
* * * LOW HITPOINT WARNING * * *
You hit something. Something hits you but does no damage. Something hits you!
* * * LOW HITPOINT WARNING * * *
You hit something but do no damage. Something hits you!
* * * LOW HITPOINT WARNING * * *
Something hits you!
You die...

#..#..# ......... #...#...#
#..#..##### ....... #.......#
#..#..##..# ..... ##......+
#..#..##..# ... #.......#
......##..#### ##'#### #..<>#
#..#..##.....# #..##.# #....#
.............# #.###.# #....#
#..#...#.....# #.# #.# #....#
.......#.....# #@###.# # #....#
.......#.....# #.....###.###....#
#..#...##..#.###.##..........#.##
#..#...##..#.##...#..###..(..#.##
.......##.....#...#..###.....#...
##.#...##.##......#..............
##.#...##.##....#.#..###.........
..........##....#.#..# ##....#...
##............#.#.#..# #....#...


There were no monsters in sight!

Vanquished Creatures
  A necrophage (D:3)
  2 ogres
  2 scorpions (D:4)
  2 vampire bats (D:3)
  A bullfrog zombie (D:5)
  An orc priest (D:5)
  A bullfrog skeleton (D:5)
  An iguana (D:5)
  Terence (D:3)
  5 adders
  2 ufetubi
  An adder zombie (D:5)
  4 worms (D:2)
  6 dart slugs
  9 orcs
  4 ball pythons
  3 bat skeletons (D:3)
  A bat zombie (D:3)
  9 endoplasms
  2 giant cockroaches
  4 goblins
  5 hobgoblins
  2 quokkas
  A bat (D:1)
  2 frilled lizards
  8 kobolds
  2 rats (D:2)
82 creatures vanquished.

Notes
Turn   | Place    | Note
-------+----------+-------------------------------------------
     0 | D:1      | ragingrage the Draconian Transmuter began the quest for the
                  | Orb.
     0 | D:1      | Reached XP level 1. HP: 16/16 MP: 3/3
   357 | D:1      | Reached XP level 2. HP: 18/23 MP: 3/5
   663 | D:1      | Learned a level 2 spell: Wereblood
  1372 | D:2      | Reached XP level 3. HP: 28/28 MP: 4/6
  1614 | D:2      | Reached skill level 4 in Unarmed Combat
  1975 | D:2      | Reached XP level 4. HP: 25/35 MP: 5/7
  2209 | D:2      | Found a faded altar of an unknown god.
  2697 | D:3      | Noticed an ogre
  2703 | D:3      | Killed an ogre
  2704 | D:3      | Reached skill level 5 in Unarmed Combat
  2704 | D:3      | Reached XP level 5. HP: 40/40 MP: 8/8
  2728 | D:3      | Found an opulent altar of Gozag.
  2732 | D:3      | Noticed Terence
  2734 | D:3      | Found a shimmering blue altar of Sif Muna.
  2753 | D:3      | Killed Terence
  3034 | D:3      | Found an ancient bone altar of Kikubaaqudgha.
  3047 | D:3      | Reached XP level 6. HP: 44/47 MP: 6/9
  3146 | D:3      | Reached skill level 6 in Unarmed Combat
  3219 | D:3      | Found Tank's General Store.
  3231 | D:3      | Bought a potion of lignification for 33 gold pieces
  3231 | D:3      | Bought a scroll of identify for 22 gold pieces
  3505 | D:4      | Found a glowing silver altar of Zin.
  3760 | D:4      | Found a stormy altar of Qazlal.
  3787 | D:4      | Your scales start taking on a pale cyan-grey colour.
  3787 | D:4      | Reached XP level 7. HP: 38/52 MP: 10/10
  3787 | D:4      | Gained mutation: You are immune to the effects of steam.
                  | [Pale Draconian growth]
  3988 | D:4      | Reached skill level 7 in Unarmed Combat
  4331 | D:4      | Found a hazy altar of Hepliaklqana.
  4331 | D:4      | Found a sparkling altar of Nemelex Xobeh.
  4536 | D:5      | Entered Level 5 of the Dungeon
  4628 | D:5      | Found a staircase to the Ecumenical Temple.
  4647 | D:5      | Identified the +1 helmet of the Iron City of Dis {rN++}
  4653 | Temple   | Entered the Ecumenical Temple
  4873 | D:2      | Prayed at the altar of an unknown god.
  4873 | D:2      | Became a worshipper of Trog the Wrathful
  4873 | D:2      | Reached * piety under Trog
  5034 | D:4      | Fell from the grace of Trog
  5034 | D:4      | Became a worshipper of Hepliaklqana the Forgotten
  5500 | D:5      | Identified the +3 ring mail "Avolis" {Str+3}
  5590 | D:5      | Identified the +0 pair of boots of the Loofah {rPois rCorr
                  | Int-4}
  5710 | D:5      | HP: 1/52 [something (8)]
  5711 | D:5      | Mangled by an unseen horror

Illustrated notes

Levels and vault maps discovered:
D:1:      ncdulo_lavacross, layout_basic
D:2:      layout_loops_corners, dreamdust_ecumenical_altar_statues,
          minmay_fountain_box, moated_statue, minivault_25
D:3:      layout_rooms, kennysheep_vampire_church,
          mainiacjoe_overflow_catwalk_spiral, serial_shops, shop,
          serial_park_tiny_pond, uniq_terence
D:4:      layout_gridville, nicolae_overflow_crystal_walls,
          kennysheep_little_box, gammafunk_temple_overflow_elements
D:5:      layout_basic, minmay_temple_entry_arrows, serial_park_tiny_pond,
          chequers_mini_garden, kennysheep_generic_room_2
Temple:   jpeg_temple_island

Skill      XL: |  1  2  3  4  5  6  7 |
---------------+----------------------+-----
Unarmed Combat | 4 5 6 7 |  7.6
Transmutations | 3 4 |  4.9
Fighting       | |  1.1
Dodging        | |  1.7
Spellcasting   | |  2.0

Action                   |  1- 3 |  4- 6 |  7- 9 || total
-------------------------+-------+-------+-------++-------
Melee: Unarmed           |   102 |    73 |    36 ||   211
       Tailslap          |    10 |     8 |     6 ||    24
       Headbutt          |     3 |     4 |       ||     7
       Kick              |     3 |    10 |       ||    13
       Punch             |     2 |     1 |     2 ||     5
 Fire: Hunting sling     |    11 |    32 |    25 ||    68
 Cast: Beastly Appendage |    10 |     6 |       ||    16
       Wereblood         |     3 |     2 |     1 ||     6
 Abil: Breathe Steam     |       |       |     5 ||     5
 Stab: Sleeping          |     2 |       |       ||     2
Armor: Skin              |    21 |    40 |    18 ||    79
Dodge: Dodged            |    47 |    67 |    25 ||   139

Table legend: (Time is in decaauts)
 A = Elapsed time spent in this place.
 B = Non-inter-level travel time spent in this place.
 C = Inter-level travel time spent in this place.
 D = Time resting spent in this place.
 E = Time spent auto-exploring this place.
 F = Levels seen in this place.
 G = Mean time per level.
                   A        B        C        D        E       F      G
               +--------+--------+--------+--------+--------+-----+--------+
         Total |   5686 |   5214 |    472 |    315 |   4143 |   6 |  947.7 |
       Dungeon |   5594 |   5122 |    472 |    315 |   4090 |   5 | 1118.8 |
        Temple |     92 |     92 |      0 |      0 |     53 |   1 |   92.0 |
               +--------+--------+--------+--------+--------+-----+--------+

Top non-repeatable levels by time:
     D:2: 1747 daAuts
     D:4: 1342 daAuts
     D:1: 988 daAuts
     D:5: 838 daAuts
     D:3: 677 daAuts
  Temple: 92 daAuts
